 Dungeon Crawl Stone Soup version 0.30-a0-782-ge64f9170bb (webtiles) character file.

Game seed: 2383777378988398264

20952 funkygono the Thaumaturge (level 12, 0/64 HPs)
             Began as a Gargoyle Fire Elementalist on Feb 22, 2023.
             Was an Elder of Sif Muna.
             Killed from afar by an ironbound frostheart (21 damage)
             ... by creeping frost
             ... in an ice cave.
             The game lasted 00:27:38 (12763 turns).

funkygono the Thaumaturge (GrFE)                   Turns: 12763, Time: 00:27:39

Health: 0/64       AC: 21    Str: 11    XL:     12   Next: 84%
Magic:  21/27      EV: 18    Int: 22    God:    Sif Muna [****..]
Gold:   1009       SH:  0    Dex: 16    Spells: 24/34 levels left

rFire   . . .      SeeInvis .    O - +8 whip of Intuition {vamp, rN++}
rCold   + . .      Faith    .    (no shield)
rNeg    + + +      Spirit   .    E - +1 robe {rC+}
rPois   ∞          Reflect  .    u - +1 helmet
rElec   +          Harm     .    i - +1 cloak of Starlight {*Dazzle EV+4 Stlth--}
rCorr   .          Rampage  .    D - +2 pair of gloves {Stlth+}
Will    .....                    h - +1 pair of boots
Stlth   +                        n - amulet of magic regeneration
HPRegen 0.30/turn                q - +4 ring of slaying
MPRegen 0.60/turn                C - +6 ring of dexterity

@: channelling
A: sickness immunity, AC +8, negative energy resistance 1, electricity
resistance, torment resistance 1, petrification resistance
a: Renounce Religion, Channel Magic, Forget Spell, Divine Exegesis


You were in an ice cave.
You worshipped Sif Muna.
Sif Muna was greatly pleased with you.
You visited 2 branches of the dungeon, and saw 12 of its levels.
You also visited: Bailey and Ice Cave.

You collected 1741 gold pieces.
You spent 732 gold pieces at shops.

Inventory:

Hand Weapons
 e - a +0 whip of electrocution
 f - a +2 spectral whip
 s - a +1 long sword of protection
 y - the +7 dagger "Nobics" {chaos, rPois rN+ Will+ Int+2}
   (You took it off a spriggan in a bailey)

   Int:       It affects your intelligence (+2).
   rPois:     It protects you from poison.
   rN:        It protects you from negative energy.
   Will:      It increases your willpower.
 A - a +3 scimitar of freezing
 O - the +8 whip of Intuition (weapon) {vamp, rN++}
   (You found it in an ice cave)

   rN:        It greatly protects you from negative energy.
Missiles
 G - a throwing net
Armour
 a - a +0 robe
 h - a +1 pair of boots (worn)
 i - the +1 cloak of Starlight (worn) {*Dazzle EV+4 Stlth--}
   (You bought it in a shop on level 3 of the Dungeon)

   *Dazzle:   It may blind those who miss an attack against the wearer in melee
   combat.
   EV:        It affects your evasion (+4).
   Stlth:     It makes you much less stealthy.
 j - +0 steam dragon scales
 u - a +1 helmet (worn)
 z - +1 acid dragon scales
 D - a +2 pair of gloves of stealth (worn)
 E - a +1 robe of cold resistance (worn)
 L - a +0 troll leather armour
Magical Staves
 p - a staff of cold
 N - a staff of fire
Jewellery
 n - an amulet of magic regeneration (around neck)
 q - a +4 ring of slaying (left hand)
 C - a +6 ring of dexterity (right hand)
Wands
 o - a wand of light (26)
 r - a wand of polymorph (12)
 t - a wand of charming (13)
 v - a wand of roots (16)
 w - a wand of flame (33)
Scrolls
 c - a scroll of teleportation
 d - 2 scrolls of fog
 x - 2 scrolls of fear
 H - a scroll of torment
 I - 2 scrolls of identify
 J - a scroll of blinking
Potions
 b - 2 potions of magic
 g - 3 potions of curing
 k - 3 potions of heal wounds
 l - a potion of lignification
 m - 2 potions of haste
 B - 3 potions of might
 F - 2 potions of flight
 K - 2 potions of berserk rage
 M - a potion of mutation
 P - a potion of attraction {unknown}


   Skills:
 + Level 2.5 Fighting
 + Level 3.0 Maces & Flails
 + Level 3.8 Armour
 + Level 4.1 Dodging
 - Level 2.1 Stealth
 + Level 11.9 Spellcasting
 + Level 10.3 Conjurations
 + Level 11.5 Fire Magic
 + Level 5.6 Earth Magic
 + Level 0.3 Evocations


You had 24 spell levels left.
You knew the following spells:

 Your Spells              Type           Power      Damage    Failure   Level
a - Foxfire               Conj/Fire      100%       2x1d9     1%          1
b - Scorch                Fire           100%       2d10      1%          2
c - Flame Wave            Conj/Fire      57%        2d14      1%          4
d - Stone Arrow           Conj/Erth      96%        3d13      1%          3

Your spell library contained the following spells:

 Spells                   Type           Power      Damage    Failure   Level
 Inner Flame              Hex/Fire       38%        N/A       1%          3
 Kindle Blastsparks       Fire/Tloc/Air  58%        2d14      3%          3
 Beastly Appendage        Tmut           26%        N/A       4%          1
 Necrotise                Necr           52%        1d6       4%          1
 Wereblood                Tmut           13%        N/A       8%          2
 Ozocubu's Armour         Ice            13%        N/A       16%         3
 Spider Form              Tmut/Pois      13%        N/A       16%         3
 Vampiric Draining        Necr           13%        2d6       16%         3
 Animate Armour           Summ/Erth      50%        N/A       16%         4
 Agony                    Necr           13%        N/A       80%         5
 Metabolic Englaciation   Hex/Ice        6%         N/A       80%         5
 Simulacrum               Ice/Necr       6%         N/A       100%        6
 Ozocubu's Refrigeration  Ice            6%         4d8       100%        7
 Summon Hydra             Summ           6%         N/A       100%        7
 Lehudib's Crystal Spear  Conj/Erth      24%        10d7      100%        8
 Sublimation of Blood     Necr           Unusable   N/A       N/A         2

Dungeon Overview and Level Annotations

Branches:
Dungeon (11/15)            Temple (1/1) D:6            Lair (0/5) D:9
 Bailey (visited)           IceCv (1/1)
    Orc: D:9-12

Altars:
Ashenzari
Cheibriados
Dithmenos
Elyvilon
Fedhas
Gozag
Hepliaklqana
Kikubaaqudgha
Makhleb
Nemelex Xobeh
Okawaru
Qazlal
Ru
Sif Muna
Trog
Uskayaw
Vehumet
Wu Jian
Xom
Yredelemnul
Zin
The Shining One

Shops:
D:3 *   D:10 *

Annotations:
D:7 3 runed translucent doors, Notanamesir's ghost, novice OgCA
D:10 1 runed translucent door, Anon1729's ghost, journeyman MeMo


Innate Abilities, Weirdness & Mutations

You are immune to sickness and miasma.
Your stone body is resilient. (AC +8)
You are immune to poison.
You resist negative energy. (rN+)
You are resistant to electric shocks. (rElec)
You are resistant to unholy torment.
You are immune to petrification.


Message History

The death yak is almost dead.
The flame wave engulfs the death yak!
The death yak is severely wounded.
The ironbound frostheart calls freezing cold from the walls.
The frost grips you! You resist.
* * * LOW HITPOINT WARNING * * *
The death yak gores you!
* * * LOW HITPOINT WARNING * * *
A wave of flame ripples out!
The flame wave engulfs the death yak!!
You kill the death yak!
Sif Muna accepts your kill.
The flame wave engulfs the death yak.
The death yak is severely wounded.
The flame wave engulfs the ironbound frostheart!
The ironbound frostheart is moderately wounded.
You finish channelling waves of flame.
Your Maces & Flails skill increases to level 3!
You feel much better.
The death yak gores you but does no damage.
You feel much better. The ice encasing you melts away.
The death yak gores you but does no damage.
The death yak gores you!
Casting: Flame Wave (dangerous; 1% risk of failure)
Confirm with . or Enter, or press ? or * to list all spells.
Casting: Flame Wave (dangerous; 1% risk of failure)
Press: ? - help, Dir - look around, f - activate A wave of flame ripples out!
The flame wave engulfs the death yak!
The death yak is almost dead. (Press . to intensify the flame waves.)
The death yak gores you!
Unknown command.
A wave of flame ripples out!
The flame wave engulfs the death yak!!
You kill the death yak!
Sif Muna accepts your kill.
The flame wave engulfs the ironbound frostheart!!
The ironbound frostheart is severely wounded.
The ironbound frostheart calls freezing cold from the walls.
The frost grips you!! You resist.
You die...

..#††######......## ##......##
.#.##†~##..##.....####..###...##
.#####~~~######....#...###[....#
## ##~~≈≈≈≈≈####...### ##...## #
#≈≈≈≈≈≈≈### ####### #..### ###
#≈≈≈≈≈≈≈##.######..####..#
..###≈≈≈≈≈≈≈≈≈..#.#†.##.#..###
##..#≈≈≈≈≈≈≈≈#.##..#####.###
#...##≈≈≈≈≈≈#.p†@### ###
###..##≈≈≈###.#### ##.### #Y.#
..### ##..# ....# ##...
.##.°§○☼§.# #.... ####.°.§.##
#..... ...☼..# .p... §....##
....


You could see an ironbound frostheart.

Vanquished Creatures
  Erica (D:8)
  3 two-headed ogres
  A boulder beetle (D:11)
  6 death yaks (IceCv)
  Maurice (D:8)
  An ice statue (IceCv)
  A gargoyle (D:11)
  Maggie (D:9)
  A rime drake (IceCv)
  7 polar bears (IceCv)
  2 trolls
  Grinder (D:6)
  Prince Ribbit (D:8)
  23 yaks
  4 spriggans (Bailey)
  Eustachio (D:6)
  A steam dragon (D:9)
  4 acid dragons
  An orc warrior (D:8)
  4 ice beasts
  2 sky beasts
  8 ogres
  25 wolves
  3 centaurs
  3 phantoms
  Blork the orc (D:6)
  A kobold brigand (D:10)
  4 necrophages
  A gnoll sergeant (D:8)
  4 bullfrogs
  5 scorpions
  3 wights (D:8)
  14 killer bees
  3 howler monkeys
  5 electric eels (D:9)
  4 jellies
  4 orc priests
  2 gnoll boudas
  6 hounds
  3 iguanas
  3 orc wizards
  19 gnolls
  8 adders
  6 river rats (D:5)
  5 white imps
  2 worms
  A dart slug (D:3)
  21 orcs
  8 ball pythons
  6 bats
  8 endoplasms
  2 goblins
  5 hobgoblins
  2 jackals (D:4)
  7 quokkas
  7 frilled lizards
  14 kobolds
  14 rats
304 creatures vanquished.

Vanquished Creatures (others)
  780 foxfires
780 creatures vanquished.

Grand Total: 1084 creatures vanquished

Notes
Turn   | Place    | Note
-------+----------+-------------------------------------------
     0 | D:1      | funkygono the Gargoyle Fire Elementalist began the quest
                  | for the Orb.
     0 | D:1      | Reached XP level 1. HP: 10/10 MP: 3/3
   305 | D:1      | Reached XP level 2. HP: 15/15 MP: 1/5
   308 | D:1      | Learned a level 2 spell: Scorch
   518 | D:1      | Reached XP level 3. HP: 19/19 MP: 1/6
  2300 | D:3      | Found an opulent altar of Gozag.
  2316 | D:3      | Reached XP level 4. HP: 24/24 MP: 1/8
  2389 | D:3      | Learned a level 4 spell: Flame Wave
  2559 | D:3      | Found Eciesin's Assorted Antiques.
  2915 | D:4      | You fall into a shaft and drop 2 floors!
  2947 | D:6      | Noticed a scorpion
  2956 | D:6      | Killed a scorpion
  2957 | D:6      | Reached XP level 5. HP: 4/28 MP: 2/10
  3108 | D:6      | Reached XP level 6. HP: 32/32 MP: 4/12
  3112 | D:6      | Learned a level 3 spell: Stone Arrow
  3153 | D:5      | Entered Level 5 of the Dungeon
  3174 | D:5      | Noticed an ice beast
  3183 | D:5      | Killed an ice beast
  3184 | D:5      | Reached skill level 5 in Fire Magic
  3375 | D:5      | Reached XP level 7. HP: 16/36 MP: 6/14
  3566 | D:5      | Reached skill level 5 in Spellcasting
  3660 | D:5      | Reached XP level 8. HP: 41/41 MP: 11/16
  5017 | D:5      | Reached skill level 5 in Conjurations
  5352 | D:5      | Identified a scroll of acquirement
  5352 | D:5      | Acquired 858 gold pieces
  5456 | D:3      | Bought the +1 cloak of Starlight {*Dazzle EV+4 Stlth--} for
                  | 732 gold pieces
  5456 | D:3      | Found the +1 cloak of Starlight {*Dazzle EV+4 Stlth--}
  5732 | D:6      | Noticed Blork the orc
  5741 | D:6      | Killed Blork the orc
  5825 | D:6      | Reached XP level 9. HP: 46/46 MP: 11/19
  5937 | D:6      | Found a hide-covered altar of Uskayaw.
  5949 | D:6      | Found a broken altar of Ashenzari.
  5958 | D:6      | Found a shimmering altar of Xom.
  6255 | D:6      | Noticed Eustachio
  6296 | D:6      | Killed Eustachio
  6297 | D:6      | Reached skill level 1 in Earth Magic
  6794 | D:6      | Noticed Grinder
  6796 | D:6      | Paralysed by Grinder for 4 turns
  6804 | D:6      | Killed Grinder
  6805 | D:6      | Reached skill level 1 in Fighting
  6805 | D:6      | Reached skill level 1 in Maces & Flails
  6836 | D:6      | Found a staircase to the Ecumenical Temple.
  6844 | Temple   | Entered the Ecumenical Temple
  6863 | Temple   | Became a worshipper of Sif Muna the Loreminder
  7491 | D:7      | Found a flagged portal.
  7500 | Bailey   | Entered a bailey
  7588 | Bailey   | Reached XP level 10. HP: 41/53 MP: 19/22
  7647 | Bailey   | Identified the +7 dagger "Nobics" {chaos, rPois rN+ Will+
                  | Int+2}
  7663 | Bailey   | Noticed a two-headed ogre
  7669 | Bailey   | Killed a two-headed ogre
  7864 | Bailey   | Reached * piety under Sif Muna
  8082 | D:7      | Noticed Notanamesir's ghost (novice OgCA)
  8084 | D:7      | Found a runed translucent gate.
  8084 | D:7      | Found a runed translucent gate.
  8085 | D:7      | Found a runed translucent gate.
  8529 | D:8      | Noticed Erica
  8539 | D:8      | Noticed Maurice
  8542 | D:8      | Killed Erica
  8647 | D:8      | Noticed Prince Ribbit
  8651 | D:8      | Killed Prince Ribbit
  8652 | D:8      | Reached skill level 1 in Armour
  8915 | D:8      | Killed Maurice
  9050 | D:8      | Reached XP level 11. HP: 57/57 MP: 20/24
  9499 | D:9      | Noticed a two-headed ogre
  9506 | D:9      | Killed a two-headed ogre
  9544 | D:9      | Reached ** piety under Sif Muna
  9896 | D:9      | Reached skill level 10 in Spellcasting
  9974 | D:9      | Found a staircase to the Lair.
  9995 | D:9      | Noticed Maggie
 10001 | D:9      | Killed Maggie
 10002 | D:9      | Reached skill level 10 in Fire Magic
 10506 | D:10     | Entered Level 10 of the Dungeon
 10528 | D:10     | Found Ziehubb's Neck Hole.
 10586 | D:10     | Noticed a two-headed ogre
 10591 | D:10     | Killed a two-headed ogre
 10745 | D:10     | Reached *** piety under Sif Muna
 11025 | D:10     | Found a runed translucent door.
 11025 | D:10     | Noticed an orc knight
 11025 | D:10     | Noticed Anon1729's ghost (journeyman MeMo)
 11371 | D:11     | Noticed a boulder beetle
 11388 | D:11     | Killed a boulder beetle
 11422 | D:11     | Found a frozen archway.
 11426 | IceCv    | Entered an ice cave
 11432 | IceCv    | Reached XP level 12. HP: 63/63 MP: 19/26
 11581 | IceCv    | Noticed a death yak
 11581 | IceCv    | Noticed a death yak
 11598 | IceCv    | Killed a death yak
 11604 | IceCv    | Killed a death yak
 11797 | IceCv    | Reached skill level 5 in Earth Magic
 11973 | IceCv    | Identified the +8 whip of Intuition {vamp, rN++}
 11997 | IceCv    | Reached **** piety under Sif Muna
 12173 | IceCv    | Noticed a death yak
 12178 | IceCv    | Reached skill level 10 in Conjurations
 12186 | IceCv    | Killed a death yak
 12737 | IceCv    | Noticed a death yak
 12737 | IceCv    | Noticed a death yak
 12740 | IceCv    | Noticed a death yak
 12742 | IceCv    | Noticed an ironbound frostheart
 12751 | IceCv    | Killed a death yak
 12757 | IceCv    | HP: 1/64 [death yak (12)]
 12758 | IceCv    | Killed a death yak
 12763 | IceCv    | Killed a death yak
 12763 | IceCv    | Killed from afar by an ironbound frostheart

Illustrated notes

Levels and vault maps discovered:
D:1:      dreamdust_arrival_sigmund_warning, layout_basic,
          chequers_serial_rivers_micro_a
D:2:      layout_basic, minmay_lizard_pond
D:3:      layout_loops_ring, grunt_gozag_statues, serial_shops, shop
D:4:      layout_gridville
D:5:      lemuel_ratsnest, layout_basic
D:6:      layout_basic, gammafunk_temple_overflow_forgotten,
          minmay_temple_entry_statues, uniq_eustachio, uniq_blork_the_orc,
          uniq_grinder
D:7:      layout_rooms, biasface_ghost_orc_armoury, enter_bailey_6
D:8:      layout_basic, uniq_erica, uniq_maurice, uniq_prince_ribbit1
D:9:      layout_grid_maze, erik_lair_island, roderic_lattice_a, uniq_maggie
D:10:     layout_basic, ebering_ghost_inner_flame,
          nicolae_shop_sticking_my_neck_out
D:11:     layout_loops_ring, portal_ice_cave_entry_pillars_1, uniq_grum,
          uniq_fannar
Temple:   hc_temple_tempest_star
IceCv:    ice_cave_caverns_02

Skill      XL: |  1  2  3  4  5  6  7  8  9 10 11 12 |
---------------+-------------------------------------+-----
Fire Magic     | 4 5 6 7 8 9 10 11 | 11.5
Spellcasting   | 3 4 5 6 8 9 10 11 | 11.9
Conjurations   | 2 3 5 6 8 9 10 | 10.3
Dodging        | 2 3 4 |  4.1
Earth Magic    | 2 3 4 5 |  5.6
Fighting       | 1 2 |  2.5
Maces & Flails | 1 2 3 |  3.0
Armour         | 1 2 3 |  3.8
Stealth        | |  2.1
Evocations     | |  0.3

Action                     |  1- 3 |  4- 6 |  7- 9 | 10-12 || total
---------------------------+-------+-------+-------+-------++-------
  Melee: Whip              |       |       |    19 |    44 ||    63
         Punch             |       |       |     1 |       ||     1
   Cast: Foxfire           |    62 |    58 |   182 |   154 ||   456
         Scorch            |     2 |    16 |    37 |    61 ||   116
         Stone Arrow       |       |       |    28 |   103 ||   131
         Flame Wave        |       |       |     4 |    31 ||    35
 Invoke: Channel Magic     |       |       |       |     1 ||     1
  Evoke: Wand              |       |       |       |     2 ||     2
    Use: Scroll            |       |     9 |     9 |    10 ||    28
         Potion            |       |     1 |       |     3 ||     4
 Armour: Robe              |     5 |    14 |     9 |     8 ||    36
         Skin              |       |       |    15 |       ||    15
         Acid dragon scale |       |       |       |    75 ||    75
  Dodge: Dodged            |     8 |    27 |    42 |   142 ||   219

Table legend: (Time is in decaauts)
 A = Elapsed time spent in this place.
 B = Non-inter-level travel time spent in this place.
 C = Inter-level travel time spent in this place.
 D = Time resting spent in this place.
 E = Time spent auto-exploring this place.
 F = Levels seen in this place.
 G = Mean time per level.
                   A        B        C        D        E       F      G
               +--------+--------+--------+--------+--------+-----+--------+
         Total |  12805 |  12242 |    563 |   1199 |   8549 |  14 |  914.6 |
       Dungeon |  10667 |  10135 |    532 |    360 |   8042 |  11 |  969.7 |
        Temple |    319 |    289 |     30 |      0 |    263 |   1 |  319.0 |
        Bailey |    475 |    475 |      0 |    145 |     27 |   1 |  475.0 |
      Ice Cave |   1342 |   1342 |      0 |    694 |    216 |   1 | 1342.0 |
               +--------+--------+--------+--------+--------+-----+--------+

Top non-repeatable levels by time:
     D:6: 1665 daAuts
     D:5: 1616 daAuts
   IceCv: 1342 daAuts
     D:1: 1105 daAuts
     D:8: 1033 daAuts
     D:3: 1024 daAuts
     D:9: 1006 daAuts
     D:4: 848 daAuts
     D:2: 776 daAuts
    D:10: 694 daAuts
     D:7: 671 daAuts
  Bailey: 475 daAuts
  Temple: 319 daAuts
    D:11: 224 daAuts
